 Dungeon Crawl Stone Soup version 0.30.0-18-gc0e69614cb (webtiles) character file.

Game seed: 1284003887600467949

658 IndexError the Ruffian (level 7, -9/52 HPs)
             Began as a Red Draconian Transmuter on May 25, 2023.
             Was an Initiate of Ru.
             Mangled by a two-headed ogre
             ... wielding a +0 giant spiked club
              (30 damage)
             ... on level 5 of the Dungeon.
             The game lasted 00:07:15 (3318 turns).

IndexError the Ruffian (Red Draconian Transmuter)   Turns: 3318, Time: 00:07:15

Health: -9/52      AC:  2    Str: 13    XL:     7   Next: 30%
Magic:  14/19      EV: 19    Int: 21    God:    Ru [......]
Gold:   168        SH:  0    Dex: 16    Spells: 4/10 levels left

rFire   . .          .
                       - Unarmed
rCold   . . .        (shield currently unavailable)
rNeg    . . .        (body armour unavailable)
rPois   x            (helmet currently unavailable)
rElec   .            (cloak currently unavailable)
rCorr   .            (gloves currently unavailable)
SInv    .            (boots currently unavailable)
Will    .....        l - amulet of regeneration {+regen, !d}
Stlth   +            s - +6 ring of intelligence
HPRegen 1.08/turn    u - ring of magical power {MP+9}
MPRegen 0.16/turn

%: no passive effects
@: spider-form, very slightly contaminated
A: venomous fangs, (breathe fire), AC +6, tiny, unfitting armour, (fire
resistance 1), (cold-blooded)
a: End Transformation, Renounce Religion


You were on level 5 of the Dungeon.
You worshipped Ru.
Ru was noncommittal.
You were a venomous arachnid creature.
You visited 2 branches of the dungeon, and saw 6 of its levels.

You collected 168 gold pieces.

Inventory:

Jewellery
 l - an amulet of regeneration (around neck) {+regen, !d}
   (You found it on level 1 of the Dungeon)
 s - a +6 ring of intelligence (left front pincers)
   (You took it off a goblin on level 2 of the Dungeon)
 u - a ring of magical power (right front pincers) {MP+9}
   (You found it on level 3 of the Dungeon)
Scrolls
 d - a scroll of fear {unknown}
 f - 3 scrolls of teleportation {unknown}
 h - 3 scrolls of amnesia {unknown}
 i - a scroll of enchant armour {unknown}
 j - 2 scrolls of magic mapping {unknown}
 k - a scroll of blinking {unknown}
 n - a scroll of immolation {unknown}
 o - 2 scrolls of vulnerability {unknown}
 p - 2 scrolls of fog {unknown}
 t - 2 scrolls of noise {unknown}
 w - a scroll of brand weapon {unknown}
 y - a scroll of poison {unknown}
 A - a scroll of silence {unknown}
Potions
 a - 2 potions of lignification {!q}
 b - 2 potions of heal wounds {unknown}
 c - a potion of magic {unknown}
 e - a potion of haste {unknown}
 g - 2 potions of flight {unknown}
 m - a potion of might {unknown}
 q - 4 potions of curing {unknown}
 r - a potion of invisibility {unknown}
 v - a potion of resistance {unknown}
 x - a potion of cancellation {unknown}
 z - a potion of berserk rage {unknown}


   Skills:
 - Level 1.1 Fighting
 - Level 1.7 Dodging
 + Level 5.7 Unarmed Combat
 - Level 2.0 Spellcasting
 - Level 5.0 Transmutations
 - Level 4.0 Poison Magic


You had 4 spell levels left.
You knew the following spells:

 Your Spells              Type           Power      Damage    Failure   Level
a - Beastly Appendage     Tmut           46%        N/A       8%          1
b - Wereblood             Tmut           23%        N/A       10%         2
c - Spider Form           Tmut/Pois      21%        N/A       19%         3

Your spell library contained the following spells:

 Spells                   Type           Power      Damage    Failure   Level
 Dazzling Flash           Conj/Hex       4%         N/A       63%         3
 Portal Projectile        Hex/Tloc       4%         N/A       63%         3
 Tukima's Dance           Hex            2%         N/A       63%         3
 Ice Form                 Ice/Tmut       12%        N/A       67%         4
 Animate Dead             Necr           2%         N/A       93%         4
 Blade Hands              Tmut           11%        N/A       67%         5
 Agony                    Necr           2%         N/A       99%         5
 Borgnjor's Vile Clutch   Necr/Erth      1%         N/A       99%         5
 Silence                  Hex/Air        1%         N/A       99%         5
 Death Channel            Necr           1%         N/A       100%        6


Dungeon Overview and Level Annotations

Branches:
Dungeon (5/15)             Temple (1/1) D:4

Altars:
Ashenzari
Cheibriados
Dithmenos
Elyvilon
Fedhas
Hepliaklqana
Kikubaaqudgha
Nemelex Xobeh
Qazlal
Ru
Trog
Yredelemnul
The Shining One


Innate Abilities, Weirdness & Mutations

You are a venomous arachnid creature.
You have venomous fangs.
You are tiny and dextrous.
Your spellcasting is less reliable in this form.
Your armour is entirely melded.
You are incapable of wielding weapons or throwing items.
((You can breathe blasts of fire.))
((Your fiery red scales are hard. (AC +6)))
You cannot fit into any form of body armour.
((Your flesh is heat resistant. (rF+)))
((You are cold-blooded and may be slowed by cold attacks.))


Message History

You feel very sick. The scorpion completely misses you.
You take 3 damage, and have 41/52 hp.
You bite the scorpion!
You feel very sick.
Training target 5.0 for Transmutations reached!
Your Transmutations skill increases to level 5!
You take 2 damage, and have 39/52 hp.
No target in view!
You feel very sick.
You take 2 damage, and have 37/52 hp.
You feel sick.
You take 1 damage, and have 36/52 hp.
You feel sick.
You take 1 damage, and have 35/52 hp.
You feel sick.
You feel sick.
You feel sick.
You feel sick.
You feel sick.
You feel sick.
You are no longer poisoned.
Your transformation is almost over.
Your transformation has ended.
Health restored: 52; MP restored: 19
There is a stone staircase leading down here.
You pick up a book of Unlife and begin reading...
You add the spells Animate Dead, Borgnjor's Vile Clutch and Death Channel to your library.
There is a stone staircase leading down here.
There is a stone staircase leading up here.
A gnoll comes into view. It is wielding a +0 flail.
The gnoll shouts!
You hear a shout!
The gnoll throws a throwing net.
The throwing net hits you.
You become entangled in the net!
You see here a throwing net {=f, !d}.
You struggle against the net.
You tear a large gash into the net.
You rip the net and break free!
A gnoll comes into view.
It is wielding a +1 flail of holy wrath.
The gnoll throws a throwing net.
The throwing net hits you.
You become entangled in the net!
You struggle against the net.
You tear a large gash into the net.
A gnoll comes into view. It is wielding a +0 flail.
You rip the net and break free!
Casting: Spider Form (dangerous; 7% risk of failure)
Confirm with . or Enter, or press ? or * to list all spells.
You turn into a venomous arachnid creature.
You now have 16/19 mp.
You bite the gnoll!
The gnoll is poisoned.
You barely miss the gnoll. The gnoll closely misses you.
You hit the gnoll.
The gnoll looks as sick as possible!
You hit the gnoll but do no damage. You barely miss the gnoll.
The gnoll closely misses you.
You hit the gnoll.
The gnoll is poisoned.
The gnoll misses you.
You hit the gnoll but do no damage.
The gnoll looks even sicker.
The gnoll misses you.
You bite the gnoll!
The gnoll looks as sick as possible!
The gnoll misses you.
You barely miss the gnoll. The gnoll closely misses you.
You hit the gnoll but do no damage. You hit the gnoll.
Training target 4.0 for Poison Magic reached!
Your Poison Magic skill increases to level 4!
You hit the gnoll but do no damage. The gnoll closely misses you.
You barely miss the gnoll. The gnoll hits you with a +0 flail!
You take 8 damage, and have 44/52 hp.
You hit the gnoll.
The gnoll is poisoned.
The gnoll completely misses you.
You bite the gnoll!
The gnoll looks as sick as possible!
The gnoll misses you.
You hit the gnoll but do no damage.
The gnoll looks as sick as possible!
Things that are here:
a +0 flail; a +1 flail of holy wrath; a gnoll corpse You regained 2 hp, and now have 48/52 hp.
Things that are here:
a +0 flail; a gnoll corpse A two-headed ogre comes into view.
It is wielding a +0 giant spiked club and a +0 giant club.
Health restored: 52; MP restored: 19
Things that are here:
a +0 flail; a gnoll corpse
Things that are here:
a +0 flail; a +1 flail of holy wrath; a gnoll corpse Your transformation is almost over.
Casting: Spider Form (dangerous; 19% risk of failure)
Confirm with . or Enter, or press ? or * to list all spells.
You miscast Spider Form.
You are very lightly contaminated with residual magic.
Nothing appears to happen.
You now have 16/19 mp.
Casting: Spider Form (dangerous; 19% risk of failure)
Confirm with . or Enter, or press ? or * to list all spells.
You extend your transformation's duration.
You now have 13/19 mp.
The two-headed ogre hits you with a +0 giant spiked club!!
Ouch! That really hurt!
The two-headed ogre completely misses you.
You take 33 damage, and have 19/52 hp.
MASSIVE DAMAGE!!
You barely miss the two-headed ogre. You bite the two-headed ogre!
The two-headed ogre is poisoned.
The two-headed ogre hits you with a +0 giant spiked club!!
Ouch! That really hurt!
You die...

#..# #.# #.# O #..#######.###.# .
# #..†.(.........# . .#
#>.#######.##### . #######.# #..#
#.# . #.......# #..# #.#
########. #.......####..# #.#
#...)).O.
#.............#######.###.######.
........# ##....sO.....##.# #
#.......# ##..######.....#
#.......# ##.# ##.#### #.......#
#.# #.# ####.#### #.# #.# #....#
#.# #.# ####.# #.# #.# #.# #.#
#.# #.## #.#


You could see a two-headed ogre (very poisoned).

Vanquished Creatures
  Grinder (D:4)
  Sigmund (D:4)
  A scorpion (D:5)
  A hound (D:5)
  3 iguanas
  6 adders
  3 gnolls (D:5)
  2 worms (D:2)
  An orc (D:3)
  A bat (D:3)
  2 endoplasms (D:1)
  10 goblins
  4 hobgoblins
  5 quokkas
  8 ball pythons
  4 frilled lizards
  12 kobolds
  5 rats
70 creatures vanquished.

Notes
Turn   | Place    | Note
-------+----------+-------------------------------------------
     0 | D:1      | IndexError the Draconian Transmuter began the quest for the
                  | Orb.
     0 | D:1      | Reached XP level 1. HP: 16/16 MP: 3/3
   167 | D:1      | Reached XP level 2. HP: 23/23 MP: 3/5
   748 | D:2      | Reached XP level 3. HP: 28/28 MP: 4/6
   751 | D:2      | Learned a level 2 spell: Wereblood
   755 | D:2      | Learned a level 3 spell: Spider Form
   996 | D:2      | Reached skill level 3 in Transmutations
   996 | D:2      | Reached skill level 1 in Poison Magic
  1065 | D:2      | Reached XP level 4. HP: 35/35 MP: 5/7
  1210 | D:2      | Reached skill level 4 in Unarmed Combat
  1632 | D:3      | Noticed an orc warrior
  1836 | D:3      | Noticed a scorpion
  1924 | D:4      | Reached XP level 5. HP: 40/40 MP: 6/8
  2202 | D:4      | Found a staircase to the Ecumenical Temple.
  2214 | Temple   | Entered the Ecumenical Temple
  2372 | Temple   | Became a worshipper of Ru the Awakened
  2447 | D:4      | Noticed Sigmund
  2463 | D:4      | Killed Sigmund
  2464 | D:4      | Reached skill level 4 in Transmutations
  2464 | D:4      | Reached skill level 2 in Poison Magic
  2464 | D:4      | Reached XP level 6. HP: 37/47 MP: 6/9
  2504 | D:4      | Noticed Grinder
  2539 | D:4      | Killed Grinder
  2540 | D:4      | Reached skill level 5 in Unarmed Combat
  2540 | D:4      | Reached skill level 3 in Poison Magic
  2869 | D:5      | Entered Level 5 of the Dungeon
  3009 | D:5      | Your scales start taking on a fiery red colour.
  3009 | D:5      | Reached XP level 7. HP: 49/52 MP: 10/10
  3009 | D:5      | Gained mutation: Your flesh is heat resistant. (rF+) [Red
                  | Draconian growth]
  3184 | D:5      | Reached skill level 5 in Transmutations
  3282 | D:5      | Reached skill level 4 in Poison Magic
  3294 | D:5      | Noticed a two-headed ogre
  3318 | D:5      | Mangled by a two-headed ogre

Illustrated notes

Levels and vault maps discovered:
D:1:      dpeg_arrival_oval, layout_rooms, minmay_misc_feat_rugged,
          chequers_mini_garden
D:2:      minmay_chambers_of_twos, layout_rooms, minmay_heptomino_o4
D:3:      minmay_door_path, layout_basic, minmay_close_crescents
D:4:      layout_loops_ring, minmay_temple_entry_antechambers, uniq_grinder,
          uniq_sigmund
D:5:      layout_loops_ring, serial_bayou_pond_c
Temple:   nicolae_temple_bog_church

Skill      XL: |  1  2  3  4  5  6  7 |
---------------+----------------------+-----
Transmutations | 3 4 5 |  5.0
Poison Magic   | 1 2 3 4 |  4.0
Unarmed Combat | 4 5 |  5.7
Fighting       | |  1.1
Dodging        | |  1.7
Spellcasting   | |  2.0

Action                     |  1- 3 |  4- 6 |  7- 9 || total
---------------------------+-------+-------+-------++-------
  Melee: Unarmed           |    98 |    91 |    30 ||   219
         Kick              |    19 |    11 |       ||    30
         Tailslap          |     6 |     1 |       ||     7
         Headbutt          |     8 |     9 |       ||    17
         Punch             |     3 |       |       ||     3
   Cast: Beastly Appendage |    22 |    11 |       ||    33
         Spider Form       |     1 |     5 |     5 ||    11
 Armour: Skin              |    17 |    20 |       ||    37
  Dodge: Dodged            |    56 |    52 |    19 ||   127

Levels and vault maps discovered:
D:1:      dpeg_arrival_oval, layout_rooms, minmay_misc_feat_rugged,
          chequers_mini_garden
D:2:      minmay_chambers_of_twos, layout_rooms, minmay_heptomino_o4
D:3:      minmay_door_path, layout_basic, minmay_close_crescents
D:4:      layout_loops_ring, minmay_temple_entry_antechambers, uniq_grinder,
          uniq_sigmund
D:5:      layout_loops_ring, serial_bayou_pond_c
Temple:   nicolae_temple_bog_church

Table legend: (Time is in decaauts)
 A = Elapsed time spent in this place.
 B = Non-inter-level travel time spent in this place.
 C = Inter-level travel time spent in this place.
 D = Time resting spent in this place.
 E = Time spent auto-exploring this place.
 F = Levels seen in this place.
 G = Mean time per level.
                   A        B        C        D        E       F      G
               +--------+--------+--------+--------+--------+-----+--------+
         Total |   3312 |   2937 |    375 |      0 |   2265 |   6 |  552.0 |
       Dungeon |   3124 |   2787 |    337 |      0 |   2130 |   5 |  624.8 |
        Temple |    187 |    149 |     38 |      0 |    135 |   1 |  187.0 |
               +--------+--------+--------+--------+--------+-----+--------+

Top non-repeatable levels by time:
     D:2: 962 daAuts
     D:4: 886 daAuts
     D:1: 730 daAuts
     D:5: 378 daAuts
  Temple: 187 daAuts
     D:3: 167 daAuts

Table legend:
 A = Kills in this place as a percentage of kills in the entire game.
 B = Kills by you in this place as a percentage of kills by you in the entire game.
 C = Kills by friends in this place as a percentage of kills by friends in the entire game.
 D = Other kills in this place as a percentage of other kills in the entire game.
 E = Experience gained in this place as a percentage of experience gained in the entire game.
 F = Experience gained in this place divided by the number of levels of this place that you have seen.
                   A       B       C       D       E      F
               +-------+-------+-------+-------+-------+----------------------
         Total | 100.0 | 100.0 |   N/A |   N/A | 100.0 | 156.8
       Dungeon | 100.0 | 100.0 |   N/A |   N/A | 100.0 | 188.2
               +-------+-------+-------+-------+-------+----------------------
